 Dungeon Crawl Stone Soup version 0.31-a0-986-g5e6e4ef867 (webtiles) character file.

Game seed: 8168618139475761882

3788 Zonian the Thaumaturge (level 9, -1/45 HPs)
             Began as a Deep Elf Conjurer on Nov 19, 2023.
             Was a Follower of Ashenzari.
             Slain by a manticore (11 damage)
             ... on level 8 of the Dungeon.
             The game lasted 00:34:55 (14679 turns).

Zonian the Thaumaturge (Deep Elf Conjurer)         Turns: 14679, Time: 00:34:55

Health: -1/45      AC:  9    Str:  4    XL:     9   Next: 95%
Magic:  16/23      EV: 15    Int: 28    God:    Ashenzari [*.....]
Gold:   443        SH:  0    Dex: 13    Spells: 3/25 levels left

rFire   . . .        t - +1 dagger (venom) {short}
rCold   . . .        (no shield)
rNeg    . . .        N - +1 steam dragon scales "Tethered Rationality" {Bglg, Dev} (curse)
rPois   .            (no helmet)
rElec   .            (no cloak)
rCorr   .            s - +2 pair of gloves "Overhang to Understand" {Range, Dev} (curse)
SInv    .            (no boots)
Will    .....        (no amulet)
Stlth   ++++         (no ring)
HPRegen 0.27/turn    (no ring)
MPRegen 0.18/turn

%: no passive effects
@: no status effects
A: no striking features
a: Renounce Religion, Shatter the Chains


You were on level 8 of the Dungeon.
You worshipped Ashenzari.
Ashenzari was aware of your devotion.
You visited 1 branch of the dungeon, and saw 8 of its levels.
You also visited: Sewer.

You collected 443 gold pieces.


   Skills:
 + Level 8.0 Dodging
 + Level 8.7 Stealth
 + Level 8.9 Spellcasting
 + Level 8.3(9.2) Conjurations
 + Level 7.0(7.8) Hexes
 + Level 2.8(3.5) Translocations
 + Level 0.7 Air Magic


You had 3 spell levels left.
You knew the following spells:

 Your Spells              Type           Power      Damage    Failure   Level
a - Magic Dart            Conj           100%       1d8       1%          1
b - Searing Ray           Conj           100%       2d8       1%          2
c - Dazzling Flash        Conj/Hex       100%       N/A       1%          3
d - Confusing Touch       Hex            54%        N/A       1%          3
e - Fulminant Prism       Conj/Hex       28%        3d13      1%          4
f - Iskenderun's Mystic   Conj/Tloc      48%        2d11      3%          4
g - Arcjolt               Conj/Air       20%        1d30      16%         5

Your spell library contained the following spells:

 Spells                   Type           Power      Damage    Failure   Level
 Kiss of Death            Conj/Necr      100%       2d13      1%          1
 Shock                    Conj/Air       100%       1d9       1%          1
 Lesser Beckoning         Tloc           64%        N/A       1%          2
 Gell's Gravitas          Tloc           32%        N/A       3%          3
 Teleport Other           Tloc           32%        N/A       3%          3
 Swiftness                Air            16%        N/A       10%         3
 Vhi's Electric Charge    Tloc/Air       48%        N/A       19%         4
 Airstrike                Air            8%         2d(2-18)  32%         4
 Dispel Undead            Necr           12%        3d9       41%         4
 Plasma Beam              Fire/Air       7%         2x1d17    99%         6

Inventory:

Hand Weapons
 g - a +0 short sword {short}
   (You found it on level 1 of the Dungeon)
 l - a +3 short sword of speed {short}
   (You took it off an orc on level 7 of the Dungeon)
 t - a +1 dagger of venom (weapon) {short}
   (You took it off a kobold on level 8 of the Dungeon)
 x - a +4 hand axe of flaming {axe}
   (You took it off an orc on level 5 of the Dungeon)
 y - a +1 sling of flaming
   (You found it on level 5 of the Dungeon)
 C - a +1 whip of flaming {mace}
   (You took it off an orc on level 6 of the Dungeon)
 D - a +1 whip of electrocution {mace}
   (You took it off an orc on level 7 of the Dungeon)
 E - a +2 short sword {short}
   (You found it on level 7 of the Dungeon)
 G - a +1 long sword of flaming {long}
   (You took it off Maggie on level 8 of the Dungeon)
Missiles
 A - a curare-tipped dart {=fthrowing}
 J - 15 poisoned darts {throwing}
 O - a throwing net {=f!fthrowing}
Armour
 a - a +1 robe
 h - an orb of light
   (You found it on level 1 of the Dungeon)
 s - the cursed +2 pair of gloves "Overhang to Understand" (worn) {Range, Dev}
   (You found it on level 3 of the Dungeon)

   It has a curse which improves the following skills: Ranged Combat: Ranged
   Weapons and Throwing.
   Devices:   Evocations and Shapeshifting.
 B - the +4 ring mail "Udisyat" {rC+}
   (You found it on level 5 of the Dungeon)

   rC+:       It protects you from cold.
 H - the +5 ring mail of Impressiveness {+Inv rC+ Will+}
   (You took it off a goblin on level 6 of the Dungeon)

   rC+:       It protects you from cold.
   Will+:     It increases your willpower.
   +Inv:      It lets you turn invisible.
 M - a +0 leather armour
   (You took it off an orc on level 7 of the Dungeon)
 N - the cursed +1 steam dragon scales "Tethered Rationality" (worn) {Bglg, Dev}
   (You took it off Maggie on level 8 of the Dungeon)

   It has a curse which improves the following skills: Beguiling: Conjurations,
   Hexes and Translocations.
   Devices:   Evocations and Shapeshifting.
Wands
 w - a wand of acid (6)
   (You took it off a kobold on level 4 of the Dungeon)
 F - a wand of digging (2)
   (You found it on level 7 of the Dungeon)
 K - a wand of polymorph (6)
   (You found it on level 8 of the Dungeon)
 L - a wand of roots (5)
   (You took it off a centaur on level 7 of the Dungeon)
Scrolls
 b - 2 scrolls of noise {!r}
 c - 2 scrolls of revelation
 e - 2 scrolls of fog
 i - 3 scrolls of teleportation {@r4}
 I - a scroll of vulnerability {!r!r}
Potions
 d - 2 potions of curing {@q1}
 f - 5 potions of heal wounds {@q2}
 j - a potion of attraction {!q}
 k - 2 potions of resistance
 m - 2 potions of degeneration {!q@e2}
 n - 3 potions of invisibility
 o - a potion of brilliance
 p - 2 potions of haste {@q3}
 q - 2 potions of might
 r - a potion of magic
 u - a potion of lignification {!q}
 v - a potion of mutation {!q}
 z - 2 potions of enlightenment

Dungeon Overview and Level Annotations

Branches:
Dungeon (8/15) Zot: 24623  Temple (0/1) D:6           Sewer (visited)
   Lair: D:8-11

Altars:
Ashenzari
Makhleb
Uskayaw

### # ..# ### #.#
#######.. # #.#
###.......# #o
#.####.......### ..
#.#....#.....#
#.####......#.....###
#.DH@..#........##...
#..c#####.....#.##....
#...............#.#.....
#..#####......).##.......
.. #.........###..... .##
####.................
.................(......
....#####..##..####.....
........#...###.## ###...


You could see a manticore, a steam dragon and a centaur.


Message History

😎 MP[-1]
You lost 1 mp, and now have 21/23 mp.
You can't see any susceptible monsters within range! (Use Z to cast anyway.)
You can't see any susceptible monsters within range! (Use Z to cast anyway.) Unknown command.
You now have 424 gold pieces (gained 20).
Items here: ( ) [ †.
You now have 443 gold pieces (gained 19).
You see here 6 boomerangs {throwing}.
There is an open door here.
There is an open door here.
A bullfrog comes into view. 😎 MP[+2]
Your mp is fully restored (23).
The magic dart hits the bullfrog!
You hear a shout!
An orc comes into view. It is wielding a +0 war axe.
You hear a shout! x2 😎 MP[-1]
You lost 1 mp, and now have 22/23 mp.
The magic dart hits the bullfrog!
An orc comes into view. It is wielding a +0 dagger. 😎 MP[-1]
You lost 1 mp, and now have 21/23 mp.
The bullfrog hits you but does no damage.
You barely miss the bullfrog. The bullfrog barely misses you.
A centaur comes into view.
You barely miss the bullfrog. The bullfrog hits you.
The bullfrog hits you but does no damage.
A manticore comes into view. 😕 HP[-2]
You take 2 damage, and now have 43/45 hp.
You hit the bullfrog.
The bullfrog is poisoned.
The bullfrog completely misses you.
A steam dragon comes into view. 😕 MP[+1] Unknown command.
You barely miss the bullfrog. The bullfrog completely misses you.
The bullfrog hits you but does no damage.
Unknown command.
The steam dragon hisses angrily.
You hit the bullfrog.
You kill the bullfrog!
Unknown command.
Casting: Magic Dart (safe; 1% risk of failure)
Confirm with . or Enter, or press ? or * to list all spells.
Aiming: Searing Ray (safe; 1% risk of failure)
Press: ? - help, Shift-Dir - straight line, f - manticore
Aim: a manticore (90% to hit)
The searing ray hits the manticore.
The searing ray hits the orc!
You kill the orc!
The searing ray hits the steam dragon! (Press . to maintain the ray.)
The manticore bites you. The manticore barely misses you.
The manticore claws you. 😕 HP[-7] MP[-2]
You take 7 damage, and now have 36/45 hp.
You lost 2 mp, and now have 20/23 mp.
Unknown command.
The searing ray hits the manticore!
The searing ray misses the steam dragon.
The centaur shouts!
The manticore bites you!
The manticore barely misses you. x2 😮 HP[-12] MP[-1]
You take 12 damage, and now have 24/45 hp.
MASSIVE DAMAGE!! (PAUSE)
You lost 1 mp, and now have 19/23 mp.
The searing ray hits the manticore.
The searing ray hits the steam dragon.
The searing ray hits the centaur!
The manticore bites you!
* * * LOW HITPOINT WARNING * * *
The manticore claws you!
* * * LOW HITPOINT WARNING * * *
The manticore barely misses you. 😱 HP[-22] MP[-1]
You take 22 damage, and now have 2/45 hp.
MASSIVE DAMAGE!! (PAUSE)
You lost 1 mp, and now have 18/23 mp.
You feel much better. The manticore misses you.
The manticore barely misses you.
The manticore misses you. 😮 HP[+22] MP[+1]
You regained 22 hp, and now have 24/45 hp.
Casting: Searing Ray (safe; 1% risk of failure)
Confirm with . or Enter, or press ? or * to list all spells.
Aiming: Searing Ray (safe; 1% risk of failure)
Press: ? - help, Shift-Dir - straight line, f/p - manticore
Aim: a manticore (moderately wounded, 90% to hit)
The searing ray hits the manticore!
The searing ray hits the steam dragon! (Press . to maintain the ray.)
The manticore barely misses you. The manticore claws you.
* * * LOW HITPOINT WARNING * * *
The manticore claws you but does no damage. 😨 HP[-5] MP[-2]
You take 5 damage, and now have 19/45 hp.
You lost 2 mp, and now have 17/23 mp.
Unknown command.
The searing ray hits the manticore!
The searing ray hits the steam dragon.
The manticore bites you!
* * * LOW HITPOINT WARNING * * *
The manticore closely misses you. The manticore claws you!
You die...

Skill      XL: |  1  2  3  4  5  6  7  8  9 |
---------------+----------------------------+-----
Stealth        | 3 4 5 6 7 8 |  8.7
Dodging        | 3 4 5 6 8 |  8.0
Spellcasting   | 4 5 6 7 8 |  8.9
Conjurations   | 5 6 7 8 |  8.3
Hexes          | 2 3 5 7 |  7.0
Translocations | 2 |  2.8
Air Magic      | |  0.7

Action                     |  1- 3 |  4- 6 |  7- 9 || total
---------------------------+-------+-------+-------++-------
  Melee: Short sword       |     1 |     6 |       ||     7
         Hand axe          |       |       |     2 ||     2
         Dagger            |       |       |     5 ||     5
         Whip              |       |       |     2 ||     2
   Fire: Sling             |       |       |    12 ||    12
   Cast: Magic Dart        |    84 |   114 |   205 ||   403
         Searing Ray       |     1 |    11 |    80 ||    92
         Dazzling Flash    |       |       |     2 ||     2
         Iskenderun's Myst |       |       |     2 ||     2
 Invoke: Curse Item        |       |       |     2 ||     2
  Evoke: Wand              |       |       |     6 ||     6
    Use: Potion            |     1 |       |     3 ||     4
         Scroll            |     6 |     4 |    12 ||    22
   Stab: Sleeping          |       |     3 |       ||     3
 Armour: Robe              |     3 |    17 |    59 ||    79
         Leather armour    |       |       |    31 ||    31
         Steam dragon scal |       |       |    19 ||    19
  Dodge: Dodged            |     1 |    20 |   177 ||   198

Levels and vault maps discovered:
D:1:      lightli_arrival_windingriver, layout_loops_corners
D:2:      layout_rooms, kennysheep_nub, minmay_misc_feat_enclosed
D:3:      layout_loops_cross, cheibrodos_sewer_entry_bend, uniq_jessica
D:4:      layout_basic
D:5:      layout_layer_cave, mainiacjoe_overflow_alcove_4, kennysheep_mini,
          uniq_prince_ribbit1
D:6:      layout_cave_pools, minmay_temple_entry_offerings,
          hangedman_decor_growths, minmay_ogre_servants
D:7:      layout_loops_ring, makhleb_grotto_becter, grunt_ministairs_15,
          minmay_misc_feat_rows
D:8:      layout_rooms, nrook_pool_corridor, minmay_manual_mess, uniq_maggie

Notes
Turn   | Place    | Note
-------+----------+-------------------------------------------
     0 | D:1      | Zonian the Deep Elf Conjurer began the quest for the Orb.
     0 | D:1      | Reached XP level 1. HP: 10/10 MP: 6/6
     0 | D:1      | magus.rc [v1.9.6]
   406 | D:1      | Reached XP level 2. HP: 15/15 MP: 5/8
   551 | D:1      | You pick up a book of Displacement and begin reading...
   551 | D:1      | You add the spells Lesser Beckoning, Gell's Gravitas and
                  | Teleport Other to your library.
   679 | D:1      | Learned a level 2 spell: Searing Ray
   847 | D:1      | Reached skill level 3 in Stealth
   979 | D:1      | Reached skill level 3 in Dodging
  1149 | D:1      | Reached XP level 3. HP: 19/19 MP: 8/10
  1404 | D:2      | You pick up a book of Displacement and begin reading...
  2285 | D:3      | Reached XP level 4. HP: 24/24 MP: 7/11
  2319 | D:3      | Reached skill level 4 in Spellcasting
  2319 | D:3      | Reached skill level 5 in Conjurations
  2428 | D:3      | Noticed Jessica
  2432 | D:3      | Killed Jessica
  2461 | D:3      | Reached skill level 4 in Stealth
  2461 | D:3      | Reached XP level 5. HP: 24/28 MP: 7/13
  2510 | D:3      | Noticed a black bear
  2559 | D:3      | Killed a black bear
  2560 | D:3      | Reached skill level 4 in Dodging
  2693 | D:3      | You pick up a book of Touch and begin reading...
  2693 | D:3      | You add the spells Kiss of Death, Confusing Touch and
                  | Dispel Undead to your library.
  2695 | D:3      | Found a glowing drain.
  2703 | Sewer    | Entered a sewer
  2885 | Sewer    | Reached XP level 6. HP: 32/32 MP: 13/15
  2956 | Sewer    | Reached skill level 5 in Spellcasting
  2970 | Sewer    | Learned a level 3 spell: Dazzling Flash
  3363 | Sewer    | Found a shimmering altar of Xom.
  3873 | D:4      | Reached skill level 1 in Hexes
  4230 | D:4      | Reached skill level 5 in Stealth
  4353 | D:5      | Entered Level 5 of the Dungeon
  4475 | D:4      | Learned a level 3 spell: Confusing Touch
  5041 | D:4      | Reached skill level 6 in Conjurations
  5041 | D:4      | Reached skill level 2 in Hexes
  5041 | D:4      | Reached XP level 7. HP: 22/36 MP: 8/17
  5388 | D:4      | Reached skill level 5 in Dodging
  6089 | D:5      | Reached skill level 6 in Spellcasting
  6143 | D:5      | Found a hide-covered altar of Uskayaw.
  6264 | D:5      | Reached skill level 3 in Hexes
  6649 | D:5      | Reached skill level 6 in Stealth
  6814 | D:5      | You fall into a shaft and drop 2 floors!
  7152 | D:5      | Reached XP level 8. HP: 41/41 MP: 11/19
  7549 | D:5      | Noticed Prince Ribbit
  7559 | D:5      | Killed Prince Ribbit
  7560 | D:5      | Reached skill level 6 in Dodging
  7560 | D:5      | Reached skill level 4 in Hexes
  7711 | D:5      | Learned a level 4 spell: Fulminant Prism
  8132 | D:5      | Reached skill level 7 in Spellcasting
  8132 | D:5      | Reached skill level 7 in Conjurations
  8434 | D:5      | Found a broken altar of Ashenzari.
  8435 | D:5      | magus.rc [v1.9.6]
  8448 | D:5      | Became a worshipper of Ashenzari the Shackled
  8495 | D:5      | Identified the +4 ring mail "Udisyat" {rC+}
  9220 | D:7      | Reached skill level 7 in Stealth
  9286 | D:7      | HP: 9/41 [sleepcap (15)]
  9291 | D:7      | Reached skill level 5 in Hexes
 10034 | D:7      | Found a burning altar of Makhleb.
 10214 | D:6      | Reached XP level 9. HP: 45/45 MP: 15/22
 10569 | D:6      | Identified the +5 ring mail of Impressiveness {+Inv rC+
                  | Will+}
 10671 | D:6      | Reached skill level 7 in Dodging
 11040 | D:6      | Reached skill level 8 in Spellcasting
 11424 | D:6      | Found a staircase to the Ecumenical Temple.
 11438 | D:6      | You pick up a book of Air and begin reading...
 11438 | D:6      | You add the spells Shock, Swiftness and Airstrike to your
                  | library.
 11447 | D:6      | Learned a level 4 spell: Iskenderun's Mystic Blast
 11694 | D:7      | Reached skill level 6 in Hexes
 11796 | D:7      | Reached skill level 8 in Stealth
 11796 | D:7      | Reached skill level 1 in Translocations
 12349 | D:8      | Reached skill level 8 in Conjurations
 13201 | D:8      | Reached skill level 2 in Translocations
 13681 | D:8      | Noticed Maggie
 14109 | D:8      | Killed Maggie
 14278 | D:8      | Reached * piety under Ashenzari
 14278 | D:8      | Identified a scroll of acquirement
 14279 | D:8      | Acquired a book of Lightning
 14280 | D:8      | You pick up a book of Lightning and begin reading...
 14280 | D:8      | You add the spells Vhi's Electric Charge, Arcjolt and
                  | Plasma Beam to your library.
 14287 | D:8      | Learned a level 5 spell: Arcjolt
 14392 | D:8      | Reached skill level 8 in Dodging
 14397 | D:8      | Reached skill level 7 in Hexes
 14670 | D:8      | Noticed a manticore
 14676 | D:8      | HP: 2/45 [manticore (10)]
 14679 | D:8      | Slain by a manticore

Vanquished Creatures
  Maggie (D:8)
  Prince Ribbit (D:5)
  A water moccasin (D:7)
  3 orc warriors
  2 black bears
  4 ogres
  3 centaurs
  A phantom (D:4)
  3 kobold brigands
  4 bullfrogs
  3 scorpions
  A gnoll sergeant (D:8)
  3 wights (D:7)
  5 killer bees (D:8)
  A howler monkey (D:4)
  A crimson imp (D:7)
  5 hounds
  4 jellies
  A gnoll bouda (D:7)
  8 iguanas
  2 sleepcaps (D:7)
  Jessica (D:3)
  An orc wizard (D:5)
  11 gnolls
  5 adders
  A river rat (Sewer)
  A white imp (D:6)
  4 ufetubi
  2 worms
  32 orcs
  15 ball pythons
  4 bats
  13 endoplasms
  6 giant cockroaches
  16 goblins
  10 hobgoblins
  5 jackals
  26 kobolds
  5 quokkas
  4 frilled lizards
  6 rats
225 creatures vanquished.

Table legend:
 A = Non-vault XP
 B = Vault XP
 C = Vault XP percentage of total XP
 D = Non-vault monster count
 E = Vault monster count
 F = Vault count percentage of total count
                 A         B        C        D         E       F
            +---------+---------+-------+---------+---------+-------
      Total |    4116 |    1296 |  23.9 |     180 |      45 |  20.0
            +---------+---------+-------+---------+---------+-------
        D:1 |      46 |       0 |   0.0 |      25 |       0 |   0.0
        D:2 |      38 |       0 |   0.0 |      13 |       0 |   0.0
        D:3 |     253 |      42 |  14.2 |      23 |       2 |   8.0
        D:4 |     412 |       0 |   0.0 |      28 |       0 |   0.0
        D:5 |     896 |     264 |  22.8 |      29 |       1 |   3.3
        D:6 |     584 |     144 |  19.8 |      14 |       9 |  39.1
        D:7 |    1240 |     240 |  16.2 |      26 |       6 |  18.8
        D:8 |     647 |     466 |  41.9 |      22 |       3 |  12.0
      Sewer |       0 |     140 | 100.0 |       0 |      24 | 100.0
            +---------+---------+-------+---------+---------+-------

Skill      XL: |  1  2  3  4  5  6  7  8  9 |
---------------+----------------------------+-----
Stealth        | 3 4 5 6 7 8 |  8.7
Dodging        | 3 4 5 6 8 |  8.0
Spellcasting   | 4 5 6 7 8 |  8.9
Conjurations   | 5 6 7 8 |  8.3
Hexes          | 2 3 5 7 |  7.0
Translocations | 2 |  2.8
Air Magic      | |  0.7

Action                     |  1- 3 |  4- 6 |  7- 9 || total
---------------------------+-------+-------+-------++-------
  Melee: Short sword       |     1 |     6 |       ||     7
         Hand axe          |       |       |     2 ||     2
         Dagger            |       |       |     5 ||     5
         Whip              |       |       |     2 ||     2
   Fire: Sling             |       |       |    12 ||    12
   Cast: Magic Dart        |    84 |   114 |   205 ||   403
         Searing Ray       |     1 |    11 |    80 ||    92
         Dazzling Flash    |       |       |     2 ||     2
         Iskenderun's Myst |       |       |     2 ||     2
 Invoke: Curse Item        |       |       |     2 ||     2
  Evoke: Wand              |       |       |     6 ||     6
    Use: Potion            |     1 |       |     3 ||     4
         Scroll            |     6 |     4 |    12 ||    22
   Stab: Sleeping          |       |     3 |       ||     3
 Armour: Robe              |     3 |    17 |    59 ||    79
         Leather armour    |       |       |    31 ||    31
         Steam dragon scal |       |       |    19 ||    19
  Dodge: Dodged            |     1 |    20 |   177 ||   198

Illustrated notes

Table legend:
 A = Kills in this place as a percentage of kills in the entire game.
 B = Kills by you in this place as a percentage of kills by you in the entire game.
 C = Kills by friends in this place as a percentage of kills by friends in the entire game.
 D = Other kills in this place as a percentage of other kills in the entire game.
 E = Experience gained in this place as a percentage of experience gained in the entire game.
 F = Experience gained in this place divided by the number of levels of this place that you have seen.
                   A       B       C       D       E      F
               +-------+-------+-------+-------+-------+----------------------
         Total | 100.0 | 100.0 |   N/A |   N/A | 100.0 | 601.3
       Dungeon |  89.3 |  89.3 |   N/A |   N/A |  97.4 | 659.0
         Sewer |  10.7 |  10.7 |   N/A |   N/A |   2.6 | 140.0
               +-------+-------+-------+-------+-------+----------------------

Table legend: (Time is in decaauts)
 A = Elapsed time spent in this place.
 B = Non-inter-level travel time spent in this place.
 C = Inter-level travel time spent in this place.
 D = Time resting spent in this place.
 E = Time spent auto-exploring this place.
 F = Levels seen in this place.
 G = Mean time per level.
                   A        B        C        D        E       F      G
               +--------+--------+--------+--------+--------+-----+--------+
         Total |  14731 |  14439 |    292 |   6791 |   5194 |   9 | 1636.8 |
       Dungeon |  13923 |  13631 |    292 |   6355 |   4999 |   8 | 1740.4 |
         Sewer |    807 |    807 |      0 |    436 |    195 |   1 |  807.0 |
               +--------+--------+--------+--------+--------+-----+--------+

Top non-repeatable levels by time:
     D:7: 3590 daAuts
     D:5: 3080 daAuts
     D:4: 1680 daAuts
     D:6: 1557 daAuts
     D:1: 1403 daAuts
     D:3: 1109 daAuts
   Sewer: 807 daAuts
     D:2: 777 daAuts
     D:8: 725 daAuts
